 Dungeon Crawl Stone Soup version 0.23.2-1-ga50397a (webtiles) character file.

Game seed: 7198126876578872979

25 ojcamps the Covered (level 3, -10/25 HPs)
             Began as a Halfling Fighter on May 30, 2019.
             Mangled by Sigmund
             ... wielding a +2 scythe of protection
              (12 damage)
             ... on level 2 of the Dungeon.
             The game lasted 00:10:24 (892 turns).

ojcamps the Covered (Halfling Fighter)               Turns: 892, Time: 00:10:25

Health: -10/25     AC:  8    Str: 18    XL:     3   Next: 17%
Magic:  3/3        EV:  9    Int:  6    God:
Gold:   65         SH:  9    Dex: 13    Spells: 2/2 levels left

rFire    . . .     SeeInvis .   a - +0 spear
rCold    . . .     Gourm    .   c - +0 shield
rNeg     . . .     Faith    .   b - +0 scale mail
rPois    .         Spirit   .   (no helmet)
rElec    .         Reflect  .   (no cloak)
rCorr    .         Harm     .   g - +0 pair of gloves
MR       .....                  (no boots)
Stlth    ..........             (no amulet)
HPRegen  0.08/turn              (no ring)
MPRegen  0.08/turn              (no ring)

@: no status effects
A: small, mutation resistance 1
a: no special abilities


You were on level 2 of the Dungeon.
You were not hungry.

You visited 1 branch of the dungeon, and saw 3 of its levels.

You collected 65 gold pieces.

Inventory:

Hand Weapons
 a - a +0 spear (weapon)
Missiles
 l - 8 tomahawks (quivered)
 p - 31 arrows
Armour
 b - a +0 scale mail (worn)
 c - a +0 shield (worn)
 g - a +0 pair of gloves (worn)
Jewellery
 h - a cursed ring of teleportation {unknown}
 n - an uncursed ring of poison resistance {unknown}
Scrolls
 e - a scroll of identify {unknown}
 i - 3 scrolls of teleportation {unknown}
 o - a scroll of enchant armour {unknown}
Potions
 d - a potion of might
 j - a potion of cancellation {unknown}
 k - a potion of berserk rage {unknown}
 m - a potion of resistance {unknown}
Comestibles
 f - 2 rations
 q - 3 chunks of flesh


   Skills:
 + Level 2.8 Fighting
 + Level 2.3 Polearms
 + Level 3.6 Armour
 + Level 3.5 Shields


You had 2 spell levels left.
You didn't know any spells.
Your spell library was empty.

Dungeon Overview and Level Annotations

Branches:
Dungeon (3/15)

Altars:
The Shining One

Annotations:
D:2 Sigmund


Innate Abilities, Weirdness & Mutations

You are small and have problems with some larger weapons.
You are somewhat resistant to further mutation.


Message History

You hit the rat.
The rat is heavily wounded.
The bat barely misses you. The bat hits you. The rat barely misses you.
The giant cockroach bites you. Something hits you!
* * * LOW HITPOINT WARNING * * *
Okay, then.
You closely miss the rat.
The rat is heavily wounded.
The bat closely misses you. You block the rat's attack.
The giant cockroach bites you but does no damage.
Your shield and scale mail prevent you from hitting the rat.
The rat is heavily wounded.
The bat barely misses you. Something hits you.
* * * LOW HITPOINT WARNING * * *
You block the giant cockroach's attack. The rat bites you but does no damage.
You barely miss the rat.
The rat is heavily wounded.
You block the giant cockroach's attack. The rat barely misses you.
Something hits you!
You die...

#.........w. #.......#......
#.............. ##......##......
#........ ........##......
#........ .#......# .....
#........ ................
#........
..##.........##r#########........
.# ####r#...##..@##..?.##........
. .# .##...bs##...##........ .#
#......{#...##..>.....
#......_..........###.#[#
###.......###..........<
##.....## ###..$.^.... ##...##
#......... ##.## #......... #..
#.........


You could see a giant cockroach, a bat and a rat.

Vanquished Creatures
  A dart slug (D:1)
  A leopard gecko (D:2)
  3 giant cockroaches (D:1)
  A hobgoblin (D:1)
  4 kobolds (D:1)
  3 bats (D:1)
  A frilled lizard (D:1)
  3 goblins (D:1)
  3 rats (D:1)
20 creatures vanquished.

Notes
Turn   | Place    | Note
-------+----------+-------------------------------------------
     0 | D:1      | ojcamps the Halfling Fighter began the quest for the Orb.
     0 | D:1      | Reached XP level 1. HP: 15/15 MP: 1/1
   380 | D:1      | Reached XP level 2. HP: 20/20 MP: 2/2
   699 | D:1      | Reached XP level 3. HP: 25/25 MP: 3/3
   839 | D:1      | You fall through a shaft!
   840 | D:2      | You fall through a shaft!
   870 | D:2      | Noticed Sigmund
   878 | D:2      | Found a glowing golden altar of the Shining One.
   892 | D:2      | Mangled by Sigmund

Skill      XL: |  1  2 |
---------------+-------+-----
Polearms       | 2 |  2.3
Fighting       | |  2.8
Armour         | |  3.6
Shields        | |  3.5

Action                   || total
-------------------------++-------
Melee: Spear             ||    81
Armor: Scale mail        ||    38
Dodge: Dodged            ||    38
Block: Shield            ||    52
